 Dungeon Crawl Stone Soup version 0.20.1-1-g8b1a95d (webtiles) character file.

218866 equalderp2856 the Hoplite (level 18, -3/166 HPs)
             Began as a Minotaur Fighter on Aug 12, 2017.
             Slain by a ghost moth (8 damage)
             ... on level 2 of the Spider Nest.
             The game lasted 03:02:09 (56582 turns).

equalderp2856 the Hoplite (Minotaur Fighter)       Turns: 56582, Time: 03:02:10

Health: -3/166     AC:  3    Str: 23    XL:     18   Next: 43%
Magic:  10/22      EV: 14    Int:  8    God:
Gold:   4702       SH: 26    Dex: 13    Spells: 19/24 levels left

rFire    . . .     SeeInvis .   r - +1 war axe (chop)
rCold    . . .     Gourm    .   m - +2 large shield {AC+3}
rNeg     . . .     Faith    .   w - +3 plate armour {rPois}
rPois    +         Spirit   .   L - +2 hat
rElec    +         Reflect  .   k - +2 cloak
rCorr    .         Harm     .   g - +2 pair of gloves
MR       +....                  D - +1 pair of boots
Stlth    ..........             G - amulet of the Air {Inacc +Fly rElec EV+5 RMsl}
Regen    0.4/turn               R - ring of wizardry
MPRegen  0.2/turn               Y - +5 ring of protection

@: lethally poisoned (-3 -> -4), about to teleport, corroded, repel missiles
A: retaliatory headbutt, horns 2
}: 1/15 runes: decaying
a: Evoke Flight


You were on level 2 of the Spider Nest.
You were very hungry.

You visited 5 branches of the dungeon, and saw 30 of its levels.
You also visited: Ossuary and Volcano.

You collected 5124 gold pieces.
You spent 422 gold pieces at shops.

Inventory:

Hand Weapons
 p - a +0 demon trident of flaming
 r - a +1 war axe of chopping (weapon)
 J - a +0 trident of flaming
Armour
 g - a +2 pair of gloves (worn)
 k - a +2 cloak (worn)
 m - a +2 large shield of protection (worn)
 w - a +3 plate armour of poison resistance (worn)
 D - a +1 pair of boots (worn)
 I - the +2 robe "Voroeris" {Stlth+}
   (You found it on level 1 of the Lair of Beasts)

   It makes you more stealthy.
 K - the +5 shield "Xyodi" {Stlth+}
   (You found it on level 6 of the Lair of Beasts)

   It makes you more stealthy.
 L - a +2 hat (worn)
 N - a +0 hat of magic resistance
 P - a +1 plate armour of fire resistance
Jewellery
 e - the amulet of Zeucyhuc {+Blink +Rage rPois MR+}
   (You found it on level 6 of the Lair of Beasts)

   [amulet of rage]

   It protects you from poison.
   It affects your resistance to hostile enchantments.
   It lets you blink.
   It lets you go berserk.
 E - an uncursed ring of protection from cold
 G - the amulet of the Air (around neck) {Inacc +Fly rElec EV+5 RMsl}
   (You found it on level 13 of the Dungeon)

   [amulet of inaccuracy]

   It reduces the accuracy of all your attacks.
   It affects your evasion (+5).
   It insulates you from electricity.
   It lets you fly.
   It protects you from missiles.
 H - a +3 ring of dexterity
 Q - the ring "Dompoopa" {+Inv +Fly Str-2 Int+8 Stlth-}
   (You found it on level 12 of the Dungeon)

   [ring of loudness]

   It affects your strength (-2).
   It affects your intelligence (+8).
   It lets you turn invisible.
   It lets you fly.
   It makes you less stealthy.
 R - a ring of wizardry (left hand)
 Y - a +5 ring of protection (right hand)
Wands
 b - a wand of iceblast (8/15)
 l - a wand of lightning (1/15)
 u - a wand of clouds (7/9)
 y - a wand of polymorph (11/24)
 B - a wand of digging (14/24)
 O - a wand of clouds (6/9)
 S - a wand of paralysis (11/24)
 U - a wand of acid (11/15)
 X - a wand of lightning (9/15)
Scrolls
 a - a scroll of holy word
 i - 16 scrolls of identify
 o - a scroll of recharging
 q - a scroll of blinking
 t - 9 scrolls of teleportation
 z - 5 scrolls of fog
 C - 2 scrolls of amnesia
 M - 4 scrolls of remove curse
Potions
 c - 3 potions of heal wounds
 d - 2 potions of might
 h - 2 potions of agility
 j - 4 potions of lignification
 n - 2 potions of flight
 x - 2 potions of berserk rage
 V - 4 potions of curing
 Z - a potion of ambrosia
Miscellaneous
 A - 2 sacks of spiders
 F - a lamp of fire
 W - a phial of floods
Comestibles
 f - 13 bread rations
 s - 14 meat rations
 v - 18 royal jellies
 T - 16 fruits


   Skills:
 + Level 16.1 Fighting
 + Level 18.5(18.9) Axes
 + Level 7.1(14.0) Polearms
 + Level 0.2 Throwing
 + Level 14.9 Armour
 + Level 4.0 Dodging
 + Level 2.0 Stealth
 + Level 22.6 Shields
 + Level 1.4 Unarmed Combat
 + Level 3.7 Spellcasting
 + Level 6.2 Evocations


You had 19 spell levels left.
You knew the following spells:

 Your Spells              Type           Power        Failure   Level  Hunger
b - Confusing Touch       Hex            #.....       77%         1    ##.....
c - Blink                 Tloc           N/A          88%         2    ###....
d - Slow                  Hex            #.......     88%         2    ###....


Dungeon Overview and Level Annotations

Branches:
Dungeon (15/15)            Temple (0/1) D:6            Lair (6/6) D:9
  Swamp (4/4) Lair:4       Spider (3/4) Lair:3        Slime (0/5) Lair:6
    Orc (2/2) D:9             Elf (0/3) Orc:2        Vaults (0/5) D:13
 Depths (0/5) D:15

Altars:
Cheibriados
Dithmenos
Elyvilon
Makhleb
Nemelex Xobeh
Okawaru
Qazlal
Ru
Trog
Vehumet
Zin
The Shining One

Shops:
D:12 =   Orc:2 ?*!***!

Annotations:
D:7 2 runed doors
D:13 2 exclusions
Spider:3 Nikola


Innate Abilities, Weirdness & Mutations

You reflexively headbutt those who attack you in melee.
You have a pair of horns on your head.


Message History

Your surroundings suddenly seem different.
You feel sick.
You start resting.
You feel you are being watched by something.
You feel your power leaking away.
You start resting.
You feel sick.
You feel you are being watched by something.
You feel your power leaking away. Something hits you!
* * * LOW HITPOINT WARNING * * *
Something hits you!
* * * LOW HITPOINT WARNING * * *
You block something's attack.
As you read the scroll of teleportation, it crumbles to dust.
You feel strangely unstable. Something hits you.
* * * LOW HITPOINT WARNING * * *
Something hits you!
* * * LOW HITPOINT WARNING * * *
Something stings you!
You die...

....^## ##^# ###..###.....###..
......###..# ##.....####^...#...
.....#.#...# ##....#..###....>...
.....###..####.........##...(....
...^.####......................#.
...#^.###....#........#.!.....###
..###..#.#.#.#........#........##
.## ##..##.##.........##...^.....
.# #.######...@.....###........
## ###.# ##...{.....#.#........
.###...## #............#........
#^..###.# #..........##.........
##### #.## #..........##.#.......
#######.# #.....########........
#.....#.######...#######.#.....#
#......#.###............######..
##.........................##..##


There were no monsters in sight!

Vanquished Creatures
  Mara (Swamp:3)
  Kirke (D:15)
  6 thorn hunters
  Agnes (D:14)
  The ghost of Shiggs the Eclecticist, an adept GrFE of Vehumet (Spider:2)
  Donald (Swamp:1)
  Louise (Swamp:1)
  A spark wasp (Spider:3)
  Snorg (Lair:4)
  5 fire dragons
  Josephine (Spider:1)
  A yaktaur captain (D:13)
  A great orb of eyes (Orc:2)
  28 hydras
  Erica (D:9)
  3 ghost crabs
  2 catoblepae
  2 death knights
  12 centaur warriors
  9 alligators
  5 two-headed ogres
  An ogre mage (D:13)
  4 tengu warriors
  A vampire mage (D:15)
  16 spriggans
  3 orc high priests (Orc:2)
  2 skeletal warriors
  9 unseen horrors
  2 spriggan druids
  A death drake (Orc:2)
  The ghost of ConnectionFaild the Carver, a novice OpFi of Dithmenos (D:7)
  2 wizards
  A necromancer (D:15)
  2 shambling mangroves
  3 lindwurms
  9 swamp dragons
  2 deep elf archers
  5 orc sorcerers
  5 orb spiders
  11 wolf spiders
  4 deep elf magi
  A stone giant zombie (D:15)
  10 orc knights
  2 oklob plants (Lair:2)
  25 ugly things
  5 manticores
  4 cyclopes
  2 moths of wrath
  19 elephants
  7 black mambas
  22 spiny frogs
  A smoke demon (Volcano)
  2 torpor snails
  5 gargoyles
  A yaktaur zombie (D:15)
  An efreet (D:14)
  2 kobold demonologists
  2 yaktaurs (D:12)
  13 rime drakes
  A freezing wraith (D:13)
  7 komodo dragons
  A guardian mummy (D:14)
  2 demonic crawlers
  A red devil (Volcano)
  4 tengu conjurers
  A polar bear (Lair:6)
  10 trolls
  10 jumping spiders
  17 hornets
  8 tyrant leeches
  37 slime creatures
  Grinder (D:4)
  5 blink frogs (Lair:5)
  8 bog bodies
  10 hippogriffs
  17 dream sheep
  A hippogriff (shapeshifter) (D:14)
  A centaur simulacrum (D:15)
  2 water elementals (D:14)
  6 tarantellas
  32 redbacks
  6 wraiths
  3 shadows
  7 wyverns
  62 yaks
  4 basilisks
  A hungry ghost (D:12)
  3 hogs (D:15)
  34 vampire mosquitoes
  2 fire bats (Swamp:4)
  9 steam dragons
  A golden eye (shapeshifter) (D:15)
  8 insubstantial wisps
  25 swamp worms
  7 wargs
  4 soldier ants
  5 acid dragons
  2 tengu zombies (D:15)
  Duvessa (D:4)
  An acid dragon (shapeshifter) (D:12)
  14 water moccasins
  6 porcupines
  7 black bears
  8 ice beasts
  40 orc warriors
  10 swamp drakes
  A sky beast (D:13)
  3 eyes of draining
  A necrophage (D:14)
  4 phantoms
  19 ogres
  6 boggarts
  21 wolves
  25 centaurs
  11 crocodiles
  5 big kobolds
  13 bullfrogs
  Dowan (D:4)
  A scorpion (D:4)
  8 killer bees
  8 wights
  7 electric eels
  4 howler monkeys
  13 crimson imps
  4 bullfrog zombies
  4 centaur zombies
  2 quasits (D:9)
  18 orc priests
  A bullfrog skeleton (D:5)
  13 jellies
  4 centaur skeletons
  10 hounds
  An iron imp (D:11)
  31 orc wizards
  Jessica (D:2)
  3 iguanas
  15 worker ants
  A big kobold zombie (Ossuary)
  A bullfrog simulacrum (D:13)
  8 mummies (Ossuary)
  11 gnolls
  17 adders
  5 shadow imps
  A white imp (D:11)
  An ooze (D:1)
  5 adder skeletons
  2 adder zombies
  A worm (D:3)
  4 dart slugs
  3 leopard geckos
  109 orcs
  6 giant cockroaches
  3 gnoll zombies (Ossuary)
  11 hobgoblins
  4 jackals (D:5)
  24 kobolds
  5 quokkas
  A ball python (D:5)
  3 bats
  4 frilled lizards
  3 goblins (D:1)
  A hobgoblin zombie (Ossuary)
  A kobold zombie (Ossuary)
  2 leopard gecko skeletons
  2 orc zombies (Ossuary)
  A quokka skeleton (D:4)
  A quokka zombie (D:5)
  6 rats
  16 briar patches
  10 fungi
  6 plants
1281 creatures vanquished.

Vanquished Creatures (collateral kills)
  Harold (D:11)
1 creature vanquished.

Vanquished Creatures (others)
  An entropy weaver (Spider:1)
  2 lindwurms (Swamp:4)
  A demonic crawler (Spider:1)
  A tengu conjurer (D:13)
  A troll (D:13)
  A tyrant leech (Swamp:4)
  2 steam dragons (Swamp:4)
  A hungry ghost (D:13)
  2 insubstantial wisps (Swamp:3)
  3 swamp drakes (Swamp:4)
  A worker ant (D:14)
  8 briar patches
  18 fungi
  18 plants
  7 withered plants (D:15)
67 creatures vanquished.

Grand Total: 1349 creatures vanquished

Notes
Turn   | Place    | Note
-------+----------+-------------------------------------------
     0 | D:1      | equalderp2856 the Minotaur Fighter began the quest for the Orb.
     0 | D:1      | Reached XP level 1. HP: 19/19 MP: 0/0
    65 | D:1      | Reached XP level 2. HP: 26/27 MP: 1/1
   363 | D:1      | Reached XP level 3. HP: 31/33 MP: 2/2
  1036 | D:2      | Found a radiant altar of Vehumet.
  1037 | D:2      | Found a sparkling altar of Nemelex Xobeh.
  1037 | D:2      | Found a glowing golden altar of the Shining One.
  1050 | D:2      | Found a burning altar of Makhleb.
  1100 | D:2      | Found a snail-covered altar of Cheibriados.
  1194 | D:2      | Found a sacrificial altar of Ru.
  1195 | D:2      | Found a stormy altar of Qazlal.
  1514 | D:2      | Noticed Jessica
  1530 | D:2      | Killed Jessica
  1530 | D:2      | Reached skill level 4 in Shields
  1530 | D:2      | Reached XP level 4. HP: 40/40 MP: 3/3
  1584 | D:2      | Found a white marble altar of Elyvilon.
  1877 | D:3      | Found a shadowy altar of Dithmenos.
  2613 | D:4      | Noticed Dowan
  2614 | D:4      | Noticed Duvessa
  2641 | D:4      | Killed Dowan
  2641 | D:4      | Reached XP level 5. HP: 36/47 MP: 4/4
  2660 | D:4      | Killed Duvessa
  2660 | D:4      | Reached skill level 5 in Axes
  2660 | D:4      | Reached skill level 5 in Shields
  2660 | D:4      | Reached XP level 6. HP: 19/53 MP: 5/5
  2954 | D:4      | Reached skill level 5 in Armour
  3430 | D:4      | Noticed Grinder
  3434 | D:4      | Paralysed by Grinder for 4 turns
  3445 | D:4      | Paralysed by Grinder for 5 turns
  3671 | D:4      | Killed Grinder
  3671 | D:4      | Reached skill level 5 in Fighting
  3671 | D:4      | Reached skill level 6 in Shields
  3671 | D:4      | Reached XP level 7. HP: 50/61 MP: 6/6
  4095 | D:5      | Entered Level 5 of the Dungeon
  4355 | D:5      | Reached skill level 7 in Shields
  4419 | D:5      | Reached XP level 8. HP: 65/69 MP: 7/7
  4777 | D:5      | Found a bloodstained altar of Trog.
  4909 | D:5      | Reached skill level 1 in Dodging
  5749 | D:6      | Found a staircase to the Ecumenical Temple.
  6243 | D:7      | Noticed ConnectionFaild's ghost (novice OpFi)
  6256 | D:7      | Found a runed door.
  6258 | D:7      | Reached skill level 8 in Shields
  6325 | D:7      | Killed ConnectionFaild's ghost
  6325 | D:7      | Reached XP level 9. HP: 31/78 MP: 8/8
  6412 | D:7      | Found a runed door.
  6498 | D:7      | Found a sand-covered staircase.
  6667 | Ossuary  | Entered an ossuary
  6774 | Ossuary  | Reached skill level 9 in Shields
  7740 | D:8      | Reached skill level 10 in Axes
  7804 | D:8      | Found an iron altar of Okawaru.
  8033 | D:8      | Reached skill level 10 in Shields
  8091 | D:8      | Found a glowing silver altar of Zin.
  8544 | D:9      | Noticed a troll
  8553 | D:9      | Killed a troll
  8553 | D:9      | Reached XP level 10. HP: 54/86 MP: 9/9
  8602 | D:9      | Found a staircase to the Orcish Mines.
  8838 | D:9      | Found a staircase to the Lair.
  8839 | D:9      | Noticed an elephant
  8867 | D:9      | Killed an elephant
  9302 | D:9      | You fall through a shaft!
  9302 | D:10     | Entered Level 10 of the Dungeon
  9515 | Lair:1   | Entered Level 1 of the Lair of Beasts
  9530 | Lair:1   | Noticed a spiny frog
  9554 | Lair:1   | Killed a spiny frog
  9832 | Lair:1   | Noticed a spiny frog
  9835 | Lair:1   | Noticed a six-headed hydra
 10137 | D:9      | Paralysed by fainting for 7 turns
 10446 | Lair:1   | Reached skill level 11 in Shields
 10456 | Lair:1   | Noticed Erica
 10607 | D:9      | Killed Erica
 10758 | D:9      | Reached skill level 1 in Polearms
 12011 | Lair:1   | Got a fine robe
 12092 | Lair:1   | Reached XP level 11. HP: 95/95 MP: 10/10
 12162 | Lair:2   | Reached skill level 1 in Stealth
 12258 | Lair:2   | Noticed an oklob plant
 12258 | Lair:2   | Noticed an oklob plant
 12487 | Lair:2   | Reached skill level 12 in Shields
 13127 | Lair:3   | Found a hole to the Spider Nest.
 14077 | Lair:3   | Reached skill level 13 in Shields
 14485 | Lair:4   | Reached skill level 10 in Armour
 14576 | Lair:4   | Reached XP level 12. HP: 105/106 MP: 11/11
 14583 | Lair:4   | Reached skill level 10 in Fighting
 14728 | Lair:4   | Noticed a catoblepas
 14848 | Lair:4   | Found a staircase to the Swamp.
 15080 | Lair:4   | Killed a catoblepas
 15676 | Lair:5   | Reached skill level 14 in Shields
 15789 | Lair:5   | Found a dark tunnel.
 15861 | Volcano  | Entered a volcano
 16022 | Volcano  | Paralysed by an orc sorcerer for 5 turns
 16745 | Lair:5   | Noticed a fire dragon
 17077 | Lair:5   | Noticed a six-headed hydra
 17091 | Lair:5   | Noticed Snorg
 17153 | Lair:4   | Killed a six-headed hydra
 17306 | Lair:4   | Killed Snorg
 17306 | Lair:4   | Reached skill level 15 in Shields
 17513 | Lair:5   | Reached XP level 13. HP: 105/115 MP: 12/12
 17908 | Lair:5   | Reached skill level 15 in Axes
 18717 | Lair:5   | Killed a fire dragon
 19393 | Lair:6   | Entered Level 6 of the Lair of Beasts
 19655 | Lair:6   | Reached skill level 16 in Shields
 20669 | Lair:6   | Found a staircase to the Slime Pits.
 21525 | Lair:6   | Reached XP level 14. HP: 125/125 MP: 13/13
 21616 | Lair:6   | Paralysed by a hornet for 1 turns
 22002 | Lair:6   | Reached skill level 17 in Shields
 22719 | Lair:6   | Got a spiked shield
 22733 | Lair:6   | Identified the +5 shield "Xyodi" {Stlth+} (You found it on level 6 of the Lair of Beasts)
 23250 | Lair:1   | Identified a scroll of acquirement
 23449 | Lair:1   | Learned a level 1 spell: Beastly Appendage
 23507 | Lair:2   | Got a polished quarterstaff
 23656 | Lair:2   | Reached skill level 1 in Spellcasting
 24523 | Lair:5   | Got a dazzling morningstar
 24944 | Lair:1   | Identified the +2 robe "Voroeris" {Stlth+} (You found it on level 1 of the Lair of Beasts)
 25991 | Lair:6   | Got a warped platinum amulet
 26479 | Lair:1   | Identified the amulet of Zeucyhuc {+Blink +Rage rPois MR+} (You found it on level 6 of the Lair of Beasts)
 26689 | D:9      | Reached skill level 1 in Evocations
 27907 | D:11     | Noticed Harold
 27920 | D:11     | Killed Harold
 28268 | D:11     | Reached skill level 5 in Evocations
 29518 | Lair:1   | Learned a level 1 spell: Confusing Touch
 29521 | Lair:1   | Learned a level 2 spell: Blink
 29524 | Lair:1   | Learned a level 2 spell: Slow
 30401 | Orc:1    | Entered Level 1 of the Orcish Mines
 30836 | Orc:2    | Entered Level 2 of the Orcish Mines
 31018 | Orc:2    | Found a staircase to the Elven Halls.
 31045 | Orc:2    | Found Healaappe's General Store.
 31095 | Orc:2    | Found Haluhefo's Distillery.
 31679 | Orc:1    | Reached XP level 15. HP: 100/134 MP: 19/19
 31989 | Orc:2    | Found Vegey's Magic Scroll Boutique.
 33088 | Orc:2    | Bought a scroll of holy word for 90 gold pieces
 33568 | Orc:2    | Found Kevy's Distillery.
 33568 | Orc:2    | Found Etoudig's Assorted Antiques.
 33571 | Orc:2    | Found Rifucaw's Assorted Antiques.
 33571 | Orc:2    | Found Astremnuv's Assorted Antiques.
 33605 | Orc:2    | Bought a runed cloak for 202 gold pieces
 34555 | D:12     | Found Poemin's Jewellery Emporium.
 34830 | D:12     | Reached skill level 18 in Shields
 35149 | D:12     | Got a wavering granite ring
 35775 | D:12     | Identified the ring "Dompoopa" {+Inv +Fly Str-2 Int+8 Stlth-} (You found it on level 12 of the Dungeon)
 36359 | D:12     | Got a jewelled scythe
 36366 | D:12     | Identified the +1 scythe of Pougudgh {slice, rC- Int+3 Dex+4} (You found it on level 12 of the Dungeon)
 37188 | D:13     | Got a transparent copper ring
 38282 | D:13     | Reached skill level 19 in Shields
 38324 | D:13     | Reached XP level 16. HP: 39/144 MP: 20/20
 38899 | D:13     | Found a gate to the Vaults.
 40218 | D:14     | Paralysed by fainting for 11 turns
 40427 | D:14     | Identified the ring of Xaad Vas {Wiz rF+ rC+} (You found it on level 13 of the Dungeon)
 41024 | D:15     | Entered Level 15 of the Dungeon
 41333 | D:15     | Noticed Kirke
 41351 | D:15     | Noticed a sphinx
 41805 | D:15     | Noticed Agnes
 41832 | D:14     | Killed Agnes
 42216 | D:15     | Found a staircase to the Depths.
 42599 | D:15     | Found a snail-covered altar of Cheibriados.
 42991 | D:15     | Reached skill level 20 in Shields
 43169 | D:15     | Killed Kirke
 43874 | Swamp:1  | Entered Level 1 of the Swamp
 43892 | Swamp:1  | Reached skill level 1 in Unarmed Combat
 43919 | Swamp:1  | Paralysed by fainting for 7 turns
 44200 | Swamp:1  | Reached skill level 5 in Polearms
 44276 | Swamp:1  | Noticed Louise
 44569 | Swamp:1  | Killed Louise
 44922 | Swamp:1  | Reached XP level 17. HP: 136/154 MP: 21/21
 45285 | Swamp:2  | Noticed Donald
 45984 | Swamp:1  | Killed Donald
 46815 | Orc:2    | Bought 2 potions of heal wounds for 130 gold pieces
 47265 | Swamp:4  | Entered Level 4 of the Swamp
 47266 | Swamp:4  | Reached skill level 15 in Fighting
 47605 | Swamp:3  | Reached skill level 21 in Shields
 47894 | Swamp:3  | Noticed Mara
 47906 | Swamp:3  | Noticed equalderp2856's illusion
 48290 | Swamp:3  | Noticed equalderp2856's illusion
 48496 | Swamp:3  | Noticed equalderp2856's illusion
 48851 | Swamp:3  | Noticed equalderp2856's illusion
 49036 | Swamp:3  | Noticed equalderp2856's illusion
 49047 | Swamp:3  | Killed Mara
 51257 | Swamp:4  | Got a decaying rune of Zot
 51485 | Swamp:4  | Reached XP level 18. HP: 131/166 MP: 22/22
 52171 | Swamp:3  | Reached skill level 22 in Shields
 53196 | Spider:1 | Entered Level 1 of the Spider Nest
 53220 | Spider:1 | Noticed Josephine
 53233 | Spider:1 | Killed Josephine
 55377 | Spider:2 | Noticed Shiggs's ghost (adept GrFE)
 55415 | Spider:2 | Killed Shiggs's ghost
 55926 | Spider:3 | Noticed Nikola
 56582 | Spider:2 | HP: 5/166 [something (16)]
 56582 | Spider:2 | Slain by a ghost moth

Skill      XL: |  1  2  3  4  5  6  7  8  9 10 11 12 13 14 15 16 17 18 |
---------------+-------------------------------------------------------+-----
Armour         | 4 5 6 7 9 10 11 12 13 14 | 14.9
Fighting       | 4 5 6 7 8 9 10 11 12 13 14 15 16 | 16.1
Axes           | 3 4 5 6 8 10 11 13 14 16 17 18 | 18.5
Shields        | 4 5 6 7 8 10 11 13 15 16 17 19 20 21 22 | 22.6
Dodging        | 1 2 3 4 |  4.0
Polearms       | 1 3 4 5 7 |  7.1
Stealth        | 1 2 |  2.0
Spellcasting   | 3 |  3.7
Evocations     | 6 |  6.2
Unarmed Combat | 1 |  1.4
Throwing       | |  0.2

Action                   |  1- 3 |  4- 6 |  7- 9 | 10-12 | 13-15 | 16-18 || total
-------------------------+-------+-------+-------+-------+-------+-------++-------
Melee: War axe           |    76 |   141 |   402 |   739 |  1805 |  1882 ||  5045
       Headbutt          |     8 |    21 |    85 |   225 |   518 |   584 ||  1441
       Trident           |       |       |       |    35 |   173 |   241 ||   449
       Broad axe         |       |       |       |       |    23 |     8 ||    31
       Unarmed           |       |       |       |       |       |    24 ||    24
Throw: Stone             |       |     6 |       |       |       |       ||     6
 Cast: Beastly Appendage |       |       |       |       |     3 |       ||     3
 Abil: Evoke Berserk Rag |       |       |       |     1 |       |       ||     1
       Evoke Blink       |       |       |       |       |     3 |       ||     3
Evoke: Wand              |       |       |       |     1 |     6 |       ||     7
       Phial of floods   |       |       |       |       |     2 |       ||     2
       Lamp of fire      |       |       |       |       |     2 |       ||     2
  Use: Potion            |       |     3 |     1 |     5 |     7 |     1 ||    17
       Scroll            |       |       |     1 |     4 |    28 |    13 ||    46
 Stab: Petrifying        |       |       |       |     2 |       |       ||     2
       Petrified         |       |       |       |     2 |       |       ||     2
       Invisible         |       |       |       |       |     3 |       ||     3
       Confused          |       |       |       |       |     3 |       ||     3
       Distracted        |       |       |       |       |     2 |       ||     2
  Eat: Chunk             |     1 |     5 |    14 |    28 |    53 |    29 ||   130
       Royal jelly       |       |     1 |     1 |       |     1 |     2 ||     5
       Fruit             |       |       |     1 |     3 |    14 |    10 ||    28
       Meat ration       |       |       |       |       |       |     3 ||     3
       Bread ration      |       |       |       |       |       |     1 ||     1
Armor: Scale mail        |    12 |       |       |       |       |       ||    12
       Plate armour      |    16 |    69 |   129 |   457 |   910 |  1095 ||  2676
Dodge: Dodged            |    18 |     7 |    26 |   136 |   268 |   424 ||   879
Block: Shield            |    19 |       |       |       |       |       ||    19
       Large shield      |    25 |   152 |   386 |   921 |  2222 |  2481 ||  6187
